 Dungeon Crawl Stone Soup version 0.21-b1-19-g8321a34dda (webtiles) character file.

5581 Gargoyl the Cleaver (level 10, 0/84 HPs)
             Began as a Centaur Abyssal Knight on Jan 4, 2018.
             Was an Elder of Lugonu.
             Impaled on a porcupine's spines (10 damage)
             ... on level 1 of the Lair of Beasts.
             The game lasted 00:19:32 (12891 turns).

Gargoyl the Cleaver (Centaur Abyssal Knight)       Turns: 12891, Time: 00:19:33

Health: 0/84       AC:  9    Str: 17    XL:     10   Next: 44%
Magic:  11/11      EV:  6    Int: 16    God:    Lugonu [****..]
Gold:   462        SH:  4    Dex: 15    Spells: 9/9 levels left

rFire    . . .     SeeInvis .   k - +2 war axe
rCold    . . .     Gourm    .   d - +0 buckler
rNeg     . . .     Faith    .   x - +0 chain mail
rPois    .         Spirit   .   (helmet restricted)
rElec    .         Reflect  .   (no cloak)
rCorr    .         Harm     .   (no gloves)
MR       .....                  (no barding)
Stlth    ..........             (no amulet)
HPRegen  0.24/turn              r - ring of Sohigiyz {Int+2 Dex+3}
MPRegen  0.12/turn              e - +3 ring of intelligence

@: drained, very quick
A: large, hooves 3, horns 1, thin skeletal structure 1, deformed body, speed 2,
tough skin 3
a: Depart the Abyss, Bend Space, Banish, Corrupt, Renounce Religion


You were on level 1 of the Lair of Beasts.
You worshipped Lugonu.
Lugonu was greatly pleased with you.
You were very hungry.

You visited 2 branches of the dungeon, and saw 10 of its levels.
You visited the Abyss 1 time.

You collected 462 gold pieces.

Inventory:

Hand Weapons
 a - a +1 hand axe
 k - a +2 war axe (weapon)
Missiles
 z - 5 tomahawks (quivered)
Armour
 d - a +0 buckler (worn)
 x - a +0 chain mail (worn)
Jewellery
 e - a +3 ring of intelligence (right hand)
 r - the ring of Sohigiyz (left hand) {Int+2 Dex+3}
   (You found it on level 7 of the Dungeon)

   [ring of dexterity]

   It affects your intelligence (+2).
   It affects your dexterity (+3).
 A - the ring of Kiyhiturph {rF+ rN+ MR- Dex+4, unknown}
   (You took it off a wight on level 9 of the Dungeon)

   [ring of protection from fire]

   It affects your dexterity (+4).
   It protects you from fire.
   It protects you from negative energy.
   It affects your resistance to hostile enchantments.
 C - a +3 ring of dexterity {unknown}
Wands
 p - a wand of polymorph (15)
 w - a wand of disintegration (5)
 B - a wand of acid (9)
Scrolls
 b - a scroll of fog
 g - 8 scrolls of teleportation
 h - 4 scrolls of identify
 i - 6 scrolls of magic mapping
 q - 3 scrolls of blinking
 s - a scroll of remove curse
Potions
 j - a potion of magic
 l - 5 potions of curing
 m - 2 potions of heal wounds
 n - 2 potions of might
 o - a potion of brilliance {unknown}
 t - a potion of ambrosia {unknown}
 u - a potion of resistance {unknown}
 v - a potion of invisibility {unknown}
Books
 f - a book of Minor Magic

   Spells                             Type                      Level
   a - Magic Dart                     Conjuration                  1
   b - Blink                          Translocation                2
   c - Call Imp                       Summoning                    2
   d - Slow                           Hexes                        2
   e - Conjure Flame                  Conjuration/Fire             3
   f - Mephitic Cloud                 Conjuration/Poison/Air       3
 y - a Young Poisoner's Handbook

   Spells                             Type                      Level
   a - Sting                          Conjuration/Poison           1
   b - Poisonous Vapours              Poison/Air                   2
   c - Mephitic Cloud                 Conjuration/Poison/Air       3
   d - Olgreb's Toxic Radiance        Poison                       4
   e - Venom Bolt                     Conjuration/Poison           5
Comestibles
 c - 20 rations


   Skills:
 + Level 6.8(6.5) Fighting
 + Level 9.5(9.2) Axes
 + Level 0.1(0.0) Throwing
 + Level 6.5(6.3) Armour
 + Level 2.8(2.6) Dodging
 + Level 1.0(0.8) Stealth
 + Level 2.5(2.3) Shields
 + Level 0.3(0.1) Unarmed Combat
 + Level 2.5(2.3) Invocations
 + Level 0.7(0.5) Evocations


You had 9 spell levels left.
You didn't know any spells.

Dungeon Overview and Level Annotations

Branches:
Dungeon (9/15)             Temple (0/1) D:4            Lair (1/6) D:9
    Orc: D:9-12

Altars:
Cheibriados
Dithmenos
Kikubaaqudgha
Qazlal
Ru
Trog


Innate Abilities, Weirdness & Mutations

You have hooves in place of feet.
Armour fits poorly on your strangely shaped body.
You cover ground very quickly.
You have extremely tough skin. (AC +3)
You have a pair of small horns on your head.
You have a somewhat thin skeletal structure. (Dex +2, Stealth)


Message History

You kill the hippogriff!
Lugonu accepts your kill. The porcupine barely misses you.
Unknown command.
You barely miss the porcupine. The porcupine bites you.
* * * LOW HITPOINT WARNING * * *
The porcupine bites you.
* * * LOW HITPOINT WARNING * * *
Unknown command.
You hit the porcupine. You kick the porcupine!
The porcupine is almost dead.
The porcupine bites you.
* * * LOW HITPOINT WARNING * * *
You are struck by the porcupine's spines.
* * * LOW HITPOINT WARNING * * *
You miss the porcupine. Your headbutt misses the porcupine.
The porcupine is almost dead.
The porcupine bites you but does no damage.
You are struck by the porcupine's spines.
You die...

.#...8...8...#
........>.....#
..#...8...8...
...#.........##
#..........#...
#........#....
.##.#..r†.....#
...#.#.@...#
#....#..+##.#
#....##...##
#....#.....#
#....#8.>.8#
####....#.....#
.....
...........8.##
......#
..##...P#####
....... #...##
#......


You could see a porcupine.

Vanquished Creatures
  A centaur zombie (D:9)
  A spiny frog (Lair:1)
  A hippogriff (Lair:1)
  A human (D:7)
  4 hogs (D:7)
  Eustachio (D:6)
  A steam dragon (D:9)
  A hungry ghost (D:9)
  Menkaure (D:7)
  A water moccasin (D:9)
  A porcupine (Lair:1)
  A floating eye (D:8)
  An ice beast (D:6)
  2 orc warriors (D:9)
  3 sky beasts
  A phantom (D:4)
  2 ogres
  4 centaurs
  2 bullfrogs
  3 scorpions
  3 killer bees (D:8)
  5 wights (D:9)
  A howler monkey (D:4)
  A crimson imp (D:8)
  2 bullfrog zombies (D:5)
  2 hounds
  A bullfrog skeleton (D:8)
  7 orc wizards
  2 jellies (D:5)
  3 orc priests
  3 iguanas
  6 worker ants
  A hound zombie (D:6)
  2 hound skeletons
  2 howler monkey skeletons
  6 gnolls
  9 adders
  3 shadow imps
  An ooze (D:2)
  An adder zombie (D:6)
  An adder skeleton (D:4)
  3 worms
  4 dart slugs
  7 leopard geckos
  30 orcs
  10 bats
  2 bat zombies (D:9)
  8 giant cockroaches
  5 goblins
  5 hobgoblins
  13 jackals
  2 quokkas
  A ball python (D:1)
  7 frilled lizards
  9 kobolds
  A quokka skeleton (D:5)
  4 rats
  2 rat zombies (D:9)
208 creatures vanquished.

Vanquished Creatures (others)
  An unseen horror (D:8)
1 creature vanquished.

Grand Total: 209 creatures vanquished

Notes
Turn   | Place    | Note
-------+----------+-------------------------------------------
     0 | Abyss:1  | Gargoyl the Centaur Abyssal Knight began the quest for the Orb.
     0 | Abyss:1  | Reached XP level 1. HP: 19/19 MP: 2/2
    26 | Abyss:2  | Noticed a small abomination
    49 | Abyss:2  | Noticed a spatial maelstrom
    52 | Abyss:2  | Noticed a spatial vortex
    52 | Abyss:2  | Noticed a starcursed mass
    54 | Abyss:2  | Noticed a spatial vortex
    57 | D:1      | Escaped the Abyss
   156 | D:1      | Reached XP level 2. HP: 5/26 MP: 3/3
   448 | D:1      | Reached skill level 2 in Axes
   565 | D:1      | Reached * piety under Lugonu
  1541 | D:1      | Reached XP level 3. HP: 17/31 MP: 4/4
  1547 | D:1      | Gained mutation: You have a pair of small horns on your head. [potion of mutation]
  1547 | D:1      | Gained mutation: You have a somewhat thin skeletal structure. (Dex +2, Stealth) [potion of mutation]
  1569 | D:1      | HP: 1/31 [poisoned by an adder]
  2075 | D:2      | Reached skill level 1 in Dodging
  2075 | D:2      | Reached XP level 4. HP: 36/38 MP: 5/5
  2548 | D:3      | Reached ** piety under Lugonu
  2589 | D:3      | Reached skill level 3 in Axes
  2786 | D:3      | Found a stormy altar of Qazlal.
  2786 | D:3      | Found a bloodstained altar of Trog.
  2889 | D:3      | Reached XP level 5. HP: 27/46 MP: 6/6
  3448 | D:3      | Reached XP level 6. HP: 39/52 MP: 7/7
  3612 | D:4      | Reached skill level 4 in Axes
  4137 | D:4      | Found a staircase to the Ecumenical Temple.
  4593 | D:4      | Reached XP level 7. HP: 58/60 MP: 8/8
  4757 | D:4      | You fall through a shaft for 3 floors!
  4773 | D:7      | Found a shadowy altar of Dithmenos.
  4781 | D:7      | Got a faintly glowing copper ring
  4793 | D:6      | Identified the ring of Sohigiyz {Int+2 Dex+3} (You found it on level 7 of the Dungeon)
  4931 | D:6      | Reached skill level 5 in Axes
  4942 | D:5      | Entered Level 5 of the Dungeon
  5688 | D:5      | Reached *** piety under Lugonu
  6108 | D:5      | Reached XP level 8. HP: 66/67 MP: 9/9
  6158 | D:5      | Reached skill level 1 in Shields
  6437 | D:6      | Found a sacrificial altar of Ru.
  6689 | D:6      | Reached skill level 6 in Axes
  7322 | D:6      | Reached skill level 5 in Fighting
  7495 | D:6      | Noticed Eustachio
  7515 | D:6      | Killed Eustachio
  7515 | D:6      | Reached skill level 7 in Axes
  7895 | D:7      | Found a snail-covered altar of Cheibriados.
  7897 | D:7      | Noticed Menkaure
  7905 | D:7      | Killed Menkaure
  8200 | D:7      | Reached XP level 9. HP: 53/74 MP: 10/10
  8627 | D:7      | Reached **** piety under Lugonu
  8891 | D:7      | Reached skill level 5 in Armour
  9296 | D:8      | Reached skill level 8 in Axes
  9666 | D:8      | Banished an unseen horror
  9666 | D:8      | Reached skill level 1 in Stealth
 10257 | D:8      | Noticed a two-headed ogre
 10366 | D:8      | a two-headed ogre changed into a floating eye
 10370 | D:8      | Paralysed by a floating eye for 3 turns
 10624 | D:9      | Reached XP level 10. HP: 68/84 MP: 11/11
 11009 | D:9      | Reached skill level 9 in Axes
 11022 | D:9      | Found an ancient bone altar of Kikubaaqudgha.
 11574 | D:9      | Found a staircase to the Lair.
 11641 | D:9      | Got a scorched steel ring
 12663 | Lair:1   | Entered Level 1 of the Lair of Beasts
 12668 | Lair:1   | Noticed a spiny frog
 12674 | Lair:1   | Killed a spiny frog
 12891 | Lair:1   | Impaled on a porcupine's spines

Skill      XL: |  1  2  3  4  5  6  7  8  9 10 |
---------------+-------------------------------+-----
Axes           | 2 3 4 5 7 8 9 |  9.5
Dodging        | 1 2 |  2.8
Armour         | 2 3 4 5 6 |  6.5
Fighting       | 4 5 6 |  6.8
Shields        | 1 2 |  2.5
Stealth        | 1 |  1.0
Throwing       | |  0.1
Unarmed Combat | |  0.3
Invocations    | |  2.5
Evocations     | |  0.7

Action                   |  1- 3 |  4- 6 |  7- 9 | 10-12 || total
-------------------------+-------+-------+-------+-------++-------
Melee: Hand axe          |   103 |    25 |       |       ||   128
       Kick              |    11 |    34 |    91 |    35 ||   171
       Headbutt          |     3 |    25 |    51 |    26 ||   105
       War axe           |       |   120 |   285 |   132 ||   537
       Unarmed           |       |       |     4 |       ||     4
Throw: Tomahawk          |       |       |     4 |       ||     4
Invok: Depart the Abyss  |     1 |       |       |       ||     1
       Banish            |       |       |     1 |       ||     1
Evoke: Wand              |       |       |     6 |       ||     6
  Use: Scroll            |     6 |     4 |     7 |     1 ||    18
       Potion            |     2 |       |     1 |       ||     3
 Stab: Confused          |       |       |     1 |       ||     1
  Eat: Chunk             |     3 |     7 |    10 |     5 ||    25
       Ration            |       |       |     2 |     1 ||     3
Armor: Leather armour    |    34 |       |       |       ||    34
       Ring mail         |    20 |    70 |       |       ||    90
       Scale mail        |       |     9 |    54 |       ||    63
       Chain mail        |       |       |    95 |    51 ||   146
Dodge: Dodged            |    54 |    64 |    99 |    37 ||   254
Block: Buckler           |    13 |    27 |    77 |    23 ||   140
